AoeStats
← 买彩票刮出欠条

MegaRandom

508424618Analyzed
3v3 RM · 11d ago on Sep 22, 2026· 23m 37s· 6 players
Game mode
Random Map
Map size
Normal (6 player)
Population
200
Speed
Normal
Resources
Standard
Victory
Conquest
Starting age
Dark Age
Ending age
Imperial Age
RankedLock teamsTeams togetherTeam positionsShared explorationLock speedFull tech treeHidden civsTurbo modeCheats
Victory
Defeat
🇨🇳 Spanish · China
1479
+10
🇨🇳 Vikings · China
1462
+11
🇨🇳 Saracens · China
1418
+12
🇭🇰 Khmer · Hong Kong SAR China
1372
-12
1329
-11
🇹🇼 Mongols · Taiwan
1321
-10
买彩票刮出欠条
4:09 Double-Bit Axe
6:43 Loom
9:20 Feudal Age
11:48 Bow Saw
12:42 Horse Collar
14:18 Heavy Plow
21:28 Castle Age
20:00 Gold Mining
20:21 Scale Barding Armor
21:28 Forging
21:47 Cavalier
Veritas of the Dark
5:27 Loom
9:59 Feudal Age
10:43 Double-Bit Axe
12:01 Fletching
13:50 Padded Archer Armor
16:41 Horse Collar
20:33 Castle Age
Kelly271888
6:34 Loom
9:26 Feudal Age
10:06 Double-Bit Axe
10:08 Horse Collar
15:09 Forging
18:03 Scale Barding Armor
21:29 Castle Age
21:37 Light Cavalry
22:18 Husbandry
22:29 Bloodlines
22:50 Bow Saw
23:16 Town Watch
24:03 Chain Barding Armor
垃圾小土兵
3:24 Loom
11:21 Feudal Age
11:53 Double-Bit Axe
11:55 Town Watch
15:40 Fishing Lines
20:29 Castle Age
22:35 Horse Collar
24:02 Heavy Plow
24:13 Bow Saw
精华缘
10:12 Loom
11:58 Feudal Age
16:34 Castle Age
15:39 Double-Bit Axe
18:30 Fishing Lines
20:43 Bow Saw
21:33 Husbandry
23:11 Horse Collar
亮刀吧
10:21 Feudal Age
14:49 Castle Age
15:09 Scale Barding Armor
15:07 Horse Collar
15:13 Double-Bit Axe
15:35 Loom
19:56 Wheelbarrow
20:05 Chain Barding Armor
20:44 Bloodlines
22:02 Fishing Lines
Connection lost

Rejoining the realm…

Still unreachable

The connection could not be restored.

Session expired

The server has moved on; the page needs a fresh start.